cohdb
Replays
Latest Replays
All Replays
Popular Replays
Top Player Replays
Match Explorer
How It Works
Community
CoH3 Stats
Reddit
Sign in to upload your games and track your stats! →
Sign in with Steam
Match 45498914
Unlisted
Match 45498914
Overview
Messages
Build Orders
End
Pioneer Squad
Construct Infanterie Kompanie
MG 42 Machine Gun Team
MG 42 Machine Gun Team
GrW 34 Mortar Team
Pioneer Squad
Construct Luftwaffe Kompanie
Medical Bunker
Support Elements
Selects Terror Battlegroup
Selects Machine Gun Camouflage
Jäger Squad
MG 42 Machine Gun Team
Wirbelwind Flakpanzer
Jäger Squad
Selects No Quarter
Luftwaffe Officer Quarters
Infanterie Officer Quarters
Repair Bunker
Wirbelwind Flakpanzer
Side Skirts
Jäger Squad
IronCross
Otto Karius
Kyp Durron
NaseMabi
0
0
Comments
sign in to comment!
No comments posted yet!